 Dungeon Crawl Stone Soup version 0.31.0-32-g396128a36d (webtiles) character file.

Game seed: 9225373606156393815

5806 NikiYani the Thaumaturge (level 10, -7/50 HPs)
             Began as a Deep Elf Fire Elementalist on Apr 14, 2024.
             Was a Believer of Sif Muna.
             Mangled by an apocalypse crab (19 damage)
             ... on level 1 of the Abyss.
             The game lasted 00:32:13 (16728 turns).

NikiYani the Thaumaturge (DEFE)                    Turns: 16728, Time: 00:32:14

Health: -7/50      AC:  8    Str:  5    XL:     10   Next: 50%
Magic:  18/26      EV: 32    Int: 25    God:    Sif Muna [**....]
Gold:   671        SH:  0    Dex: 15    Spells: 23/30 levels left

rFire   + . .        A - staff of conjuration
rCold   . . .        (no shield)
rNeg    . . .        a - +0 robe
rPois   .            (no helmet)
rElec   .            x - +0 cloak
rCorr   .            (no gloves)
SInv    .            C - +0 pair of boots
Will    +....        j - amulet of the acrobat
Stlth   +++          c - +4 ring of protection
HPRegen 0.28/turn    F - ring of protection from fire
MPRegen 0.20/turn

%: acrobat
@: acrobatic
A: no striking features
a: Renounce Religion, Channel Magic


You were on level 1 of the Abyss.
You worshipped Sif Muna.
Sif Muna was pleased with you.
You visited 2 branches of the dungeon, and saw 9 of its levels.
You visited the Abyss 1 time.
You also visited: Ossuary.

You collected 671 gold pieces.

Inventory:

Hand Weapons
 e - a +0 dagger
 n - a +2 dagger of flaming
Armour
 a - a +0 robe (worn)
 x - a +0 cloak (worn)
 C - a +0 pair of boots (worn)
 H - an orb of guile
Magical Staves
 l - a staff of alchemy
 A - a staff of conjuration (weapon)
Jewellery
 c - a +4 ring of protection (left hand)
 j - an amulet of the acrobat (around neck)
 F - a ring of protection from fire (right hand)
Wands
 p - a wand of iceblast (8)
 B - a wand of charming (7)
Scrolls
 d - a scroll of brand weapon {unknown}
 f - 2 scrolls of teleportation
 k - 5 scrolls of amnesia
 q - a scroll of torment
 r - 3 scrolls of enchant armour {unknown}
 s - 2 scrolls of enchant weapon {unknown}
 v - 2 scrolls of silence {unknown}
 w - a scroll of fear {unknown}
 y - a scroll of poison {unknown}
 G - a scroll of vulnerability {unknown}
Potions
 b - a potion of magic
 g - 2 potions of enlightenment
 h - a potion of resistance
 i - a potion of attraction
 m - 2 potions of lignification
 o - a potion of ambrosia
 t - a potion of haste
 u - a potion of cancellation
 z - a potion of curing
 D - a potion of degeneration {unknown}
 E - a potion of brilliance {unknown}


   Skills:
 + Level 9.7 Dodging
 - Level 3.9 Stealth
 + Level 10.6 Spellcasting
 + Level 8.6 Conjurations
 + Level 9.2 Fire Magic


You had 23 spell levels left.
You knew the following spells:

 Your Spells              Type           Power      Damage    Failure   Level
a - Foxfire               Conj/Fire      100%       2x1d9     1%          1
b - Scorch                Fire           100%       2d9       1%          2
c - Fulminant Prism       Conj/Alch      25%        3d14      8%          4

Your spell library contained the following spells:

 Spells                   Type           Power      Damage    Failure   Level
 Inner Flame              Hex/Fire       36%        N/A       1%          3
 Volatile Blastmotes      Fire/Tloc      72%        2d16      1%          3
 Flame Wave               Conj/Fire      72%        2d16      1%          4
 Jinxbite                 Hex            26%        N/A       7%          2
 Iskenderun's Mystic Bla  Conj/Tloc      51%        2d11      8%          4
 Alistair's Intoxication  Alch           8%         N/A       77%         5
 Borgnjor's Vile Clutch   Necr/Erth      6%         N/A       77%         5
 Metabolic Englaciation   Hex/Ice        6%         N/A       77%         5
 Yara's Violent Unravell  Hex/Alch       6%         3d5       77%         5
 Eringya's Noxious Bog    Alch           6%         4d6       100%        6
 Enfeeble                 Hex            6%         N/A       100%        7


Dungeon Overview and Level Annotations

Branches:
Dungeon (9/15)             Temple (1/1) D:4            Lair (0/5) D:8
Ossuary (visited)
    Orc: D:9-12

Altars:
Ashenzari
Cheibriados
Dithmenos
Elyvilon
Fedhas
Gozag
Hepliaklqana
Makhleb
Okawaru
Ru
Sif Muna
Trog
Wu Jian
Xom
Yredelemnul
Zin
The Shining One

Annotations:
D:8 Erolcha


Message History

Look: an ufetubus (severely wounded) Flames lash the apocalypse crab.
The apocalypse crab completely resists.
The ufetubus hits you.
The ufetubus hits you but does no damage.
The large abomination hits you!!
Casting: Scorch (safe; 1% risk of failure)
Press: ? - help, Q - select action, (/) - cycle Dir - look around, f - activate Flames lash the apocalypse crab.
The apocalypse crab resists.
The apocalypse crab is lightly wounded.
The apocalypse crab's fire resistance burns away.
The ufetubus closely misses you. x2; The ufetubus barely misses you. x2
The large abomination closely misses you.
Casting: Scorch (safe; 1% risk of failure)
Press: ? - help, Q - select action, (/) - cycle Dir - look around, f - activate Look: an ufetubus (severely wounded) Flames lash the large abomination.
The large abomination is lightly damaged.
The ufetubus hits you but does no damage.
The ufetubus misses you.
The large abomination closely misses you.
Casting: Scorch (safe; 1% risk of failure)
Press: ? - help, Q - select action, (/) - cycle Dir - look around, f - activate Flames lash the ufetubus.
The ufetubus is burned terribly!
You kill the ufetubus!
Sif Muna accepts your kill.
The large abomination completely misses you.
The apocalypse crab is no longer more vulnerable to fire.
The apocalypse crab misses you.
The apocalypse crab completely misses you.
The apocalypse crab attacks as it pursues you!
The apocalypse crab barely misses you. x2
The large abomination is no longer more vulnerable to fire.
The apocalypse crab completely misses you.
The apocalypse crab claws you. The apocalypse crab freezes you!
* * * LOW HITPOINT WARNING * * *
The apocalypse crab attacks as it pursues you!
The apocalypse crab bites you.
* * * LOW HITPOINT WARNING * * *
The apocalypse crab freezes you!!
You die...

#..#. ## ....
.#.... .
#.#..####.#
.#..#....#
#....... ###....#
# #.##@.### ..
###.#t.#.#.# #. #
#.#....### #.
##.# .##.#.X..##
. #.##.# #.#..###
.#
.#.#..###..##..#
#. #.#. # .#..#
#.# .#.. .#..
#...# ... .
..##.#..#...#...#
..#


You could see a large abomination and an apocalypse crab.

Vanquished Creatures
  2 unseen horror zombies (D:8)
  10 yaks
  Sigmund (D:2)
  A wyvern (D:8)
  A steam dragon (D:7)
  2 sky beasts
  An orc warrior (D:6)
  An ice beast (D:6)
  A black bear (D:6)
  An ogre (D:7)
  A centaur (D:5)
  A weeping skull (Ossuary)
  2 elf zombies (Ossuary)
  3 bullfrogs
  10 scorpions
  A burial acolyte (Ossuary)
  6 wights (D:8)
  3 killer bees (D:8)
  2 howler monkeys (D:7)
  2 bombardier beetles
  2 centaur zombies (D:8)
  A jelly (D:5)
  2 hounds
  A human zombie (Ossuary)
  4 orc priests
  Crazy Yiuf (D:6)
  A sleepcap (D:7)
  Natasha (thrice) (D:4)
  4 iguanas
  9 orc wizards
  3 killer bee zombies (D:8)
  A hound zombie (Ossuary)
  2 mummies (Ossuary)
  A howler monkey zombie (Ossuary)
  14 adders
  7 gnolls
  A shadow imp (D:8)
  3 white imps
  7 ufetubi
  3 ribbon worms
  16 orcs
  3 endoplasms
  2 giant cockroaches
  3 hobgoblins
  2 quokkas
  7 ball pythons
  5 bats
  3 frilled lizards (D:1)
  5 goblins
  3 kobolds
  7 rats
178 creatures vanquished.

Vanquished Creatures (collateral kills)
  26 foxfires
26 creatures vanquished.

Vanquished Creatures (others)
  1188 foxfires
1188 creatures vanquished.

Grand Total: 1392 creatures vanquished

Notes
Turn   | Place    | Note
-------+----------+-------------------------------------------
     0 | D:1      | NikiYani the Deep Elf Fire Elementalist began the quest for
                  | the Orb.
     0 | D:1      | Reached XP level 1. HP: 10/10 MP: 6/6
  1113 | D:1      | Reached XP level 2. HP: 15/15 MP: 5/8
  2746 | D:2      | Noticed Sigmund
  3055 | D:2      | Reached XP level 3. HP: 19/19 MP: 5/10
  3355 | D:2      | Killed Sigmund
  3356 | D:2      | Reached skill level 4 in Spellcasting
  3356 | D:2      | Reached XP level 4. HP: 15/24 MP: 7/12
  3356 | D:2      | Reached XP level 5. HP: 18/28 MP: 7/13
  3895 | D:2      | You fall into a shaft and drop 2 floors!
  3897 | D:4      | Noticed Natasha
  3902 | D:4      | Killed Natasha
  3985 | D:4      | Reached XP level 6. HP: 32/32 MP: 3/15
  4492 | D:4      | Found a staircase to the Ecumenical Temple.
  4504 | Temple   | Entered the Ecumenical Temple
  4513 | Temple   | Became a worshipper of Sif Muna the Loreminder
  4784 | D:4      | Reached skill level 5 in Spellcasting
  5012 | D:4      | Noticed Natasha
  5016 | D:4      | Killed Natasha
  5373 | D:4      | Learned a level 2 spell: Scorch
  5389 | D:4      | Noticed Natasha
  5392 | D:4      | Killed Natasha
  5393 | D:4      | Reached skill level 5 in Fire Magic
  5397 | D:4      | Reached XP level 7. HP: 36/36 MP: 6/17
  5482 | D:4      | Reached skill level 5 in Dodging
  6110 | D:4      | Reached skill level 6 in Spellcasting
  6883 | D:5      | Entered Level 5 of the Dungeon
  7033 | D:5      | Reached XP level 8. HP: 41/41 MP: 14/19
  7435 | D:5      | Reached skill level 5 in Conjurations
  7673 | D:5      | Found a white marble altar of Elyvilon.
  7799 | D:5      | Found a blossoming altar of Fedhas.
  8224 | D:5      | Reached * piety under Sif Muna
  8750 | D:6      | Reached skill level 7 in Spellcasting
 10493 | D:6      | Found a runed translucent door.
 10494 | D:6      | Noticed Crazy Yiuf
 11052 | D:6      | Killed Crazy Yiuf
 11053 | D:6      | Reached skill level 8 in Spellcasting
 11184 | D:7      | Reached XP level 9. HP: 45/45 MP: 19/23
 11400 | D:7      | Found a sand-covered staircase.
 11425 | Ossuary  | Entered an ossuary
 11425 | Ossuary  | Found a huge runed translucent gate.
 11425 | Ossuary  | Found a huge runed translucent gate.
 11425 | Ossuary  | Found a huge runed translucent gate.
 11425 | Ossuary  | Found a huge runed translucent gate.
 11425 | Ossuary  | Found a huge runed translucent gate.
 11425 | Ossuary  | Found a huge runed translucent gate.
 11425 | Ossuary  | Found a huge runed translucent gate.
 11425 | Ossuary  | Found a huge runed translucent gate.
 11425 | Ossuary  | Found a huge runed translucent gate.
 11426 | Ossuary  | Found a huge runed translucent gate.
 11426 | Ossuary  | Found a huge runed translucent gate.
 11427 | Ossuary  | Found a huge runed translucent gate.
 11427 | Ossuary  | Found a huge runed translucent gate.
 11429 | Ossuary  | Found a huge runed translucent gate.
 11429 | Ossuary  | Found a huge runed translucent gate.
 11520 | Ossuary  | Found a huge runed translucent gate.
 11520 | Ossuary  | Found a huge runed translucent gate.
 11520 | Ossuary  | Found a huge runed translucent gate.
 11520 | Ossuary  | Found a huge runed translucent gate.
 11520 | Ossuary  | Found a huge runed translucent gate.
 11521 | Ossuary  | Found a huge runed translucent gate.
 11521 | Ossuary  | Found a huge runed translucent gate.
 11523 | Ossuary  | Found a huge runed translucent gate.
 11523 | Ossuary  | Found a huge runed translucent gate.
 11524 | Ossuary  | Found a huge runed translucent gate.
 11524 | Ossuary  | Found a huge runed translucent gate.
 11525 | Ossuary  | Found a huge runed translucent gate.
 11525 | Ossuary  | Found a huge runed translucent gate.
 11530 | Ossuary  | Found a huge runed translucent gate.
 11530 | Ossuary  | Found a huge runed translucent gate.
 11711 | Ossuary  | Found a huge runed translucent gate.
 11711 | Ossuary  | Found a huge runed translucent gate.
 11711 | Ossuary  | Found a huge runed translucent gate.
 11711 | Ossuary  | Found a huge runed translucent gate.
 11711 | Ossuary  | Found a huge runed translucent gate.
 12940 | D:7      | Got the Volume of Doom and Substances
 12954 | D:7      | Reached ** piety under Sif Muna
 13362 | D:7      | Found a shadowy altar of Dithmenos.
 13842 | D:8      | Reached skill level 9 in Spellcasting
 14645 | D:8      | Reached XP level 10. HP: 45/50 MP: 8/25
 14842 | D:8      | Reached skill level 10 in Spellcasting
 15681 | D:8      | Found a staircase to the Lair.
 16575 | D:8      | Learned a level 4 spell: Fulminant Prism
 16619 | D:9      | Noticed Erolcha
 16650 | Abyss:1  | Cast into level 1 of the Abyss (Erolcha)
 16700 | Abyss:1  | Noticed a tentacled starspawn
 16701 | Abyss:1  | Noticed a glowing orange brain
 16703 | Abyss:1  | Noticed a large abomination
 16710 | Abyss:1  | Noticed an apocalypse crab
 16728 | Abyss:1  | Mangled by an apocalypse crab

Illustrated notes

Levels and vault maps discovered:
D:1:      dpeg_arrival_round_a, layout_basic, minmay_statues_item,
          ebering_dispersal_statue_hall
D:2:      layout_loops_cross, minmay_box_of_dots, uniq_sigmund
D:4:      old_forge, layout_basic, minmay_temple_entry_large_hall, uniq_natasha
D:5:      layout_cave_pods, jmf_multi_god_temple
D:6:      layout_cave_pods, gup_sewer_entry_spiral,
          nicolae_concentric_dashed_squares_wild, uniq_crazy_yiuf_cottage
D:7:      statuecave_lemuel, layout_basic, general_overflow_altar,
          nicolae_ossuary_entry_false_entrances
D:8:      layout_loops_ring, lair_entry_dummy, serial_undead, serial_undead_d,
          serial_undead_b, serial_undead_c, serial_undead_a, st_stairs_5
D:9:      layout_rooms, orc_0_dummy, uniq_erolcha
Temple:   nicolae_temple_ecumenical_triangle
Abyss:1:  base: Temple, evilmike_abyss_exit_16

Skill      XL: |  1  2  3  4  5  6  7  8  9 10 |
---------------+-------------------------------+-----
Stealth        | 3 |  3.9
Dodging        | 3 4 5 7 8 9 |  9.7
Spellcasting   | 4 5 6 8 9 10 | 10.6
Conjurations   | 2 3 4 6 7 8 |  8.6
Fire Magic     | 4 5 7 8 9 |  9.2

Action                     |  1- 3 |  4- 6 |  7- 9 | 10-12 || total
---------------------------+-------+-------+-------+-------++-------
  Melee: Staff             |       |       |       |     1 ||     1
   Cast: Foxfire           |   105 |    91 |   510 |    88 ||   794
         Scorch            |       |     5 |    43 |    61 ||   109
  Evoke: Wand              |       |       |     2 |       ||     2
    Use: Scroll            |       |       |    11 |       ||    11
 Armour: Robe              |     1 |     7 |    94 |    28 ||   130
  Dodge: Dodged            |     1 |     2 |   147 |    86 ||   236
